 Dungeon Crawl Stone Soup version 0.28.0-55-gcd9437bce4 (webtiles) character file.

Game seed: 10564691663993194870

164 AarnesTheHuman the Shield-Bearer (level 5, 0/44 (47) HPs)
             Began as a Gnoll Fighter on Jan 3, 2023.
             Slain by a bat (1 damage)
             ... on level 3 of the Dungeon.
             The game lasted 00:02:29 (2359 turns).

AarnesTheHuman the Shield-Bearer (Gnoll Fighter)    Turns: 2359, Time: 00:02:30

HP:   0/44 (47)     AC:  7    Str: 18    XL:     5   Next: 45%
MP:   7/7           EV: 10    Int: 13    God:
Gold: 124           SH:  6    Dex: 14    Spells: 7/7 levels left

rFire   + . .      SeeInvis .   a - +1 whip of Caustic Tender Mercy {vorpal, rF+ Dex+3}
rCold   . . .      Faith    .   c - +0 buckler
rNeg    . . .      Spirit   .   e - +0 scale mail
rPois   .          Reflect  .   (no helmet)
rElec   .          Harm     .   (no cloak)
rCorr   .          Rampage  .   (no gloves)
Will    .....                   (no boots)
Stlth   ..........              (no amulet)
HPRegen 0.14/turn               m - +6 ring of intelligence
MPRegen 0.10/turn               (no ring)

@: drained
A: fangs 1, strong nose, distributed training
a: no special abilities


You were on level 3 of the Dungeon.
You visited 1 branch of the dungeon, and saw 3 of its levels.

You collected 124 gold pieces.

Inventory:

Hand Weapons
 a - the +1 whip of Caustic Tender Mercy (weapon) {vorpal, rF+ Dex+3}
   (You found it on level 2 of the Dungeon)

   It inflicts extra damage upon your enemies.
   Dex:       It affects your dexterity (+3).
   rF:        It protects you from fire.
 b - a +0 hunting sling
 n - a +0 war axe
 q - a +2 vorpal flail
Missiles
 h - 122 stones (quivered)
Armour
 c - a +0 buckler (worn)
 e - a +0 scale mail (worn)
Jewellery
 m - a +6 ring of intelligence (left hand)
Scrolls
 i - a scroll of identify {unknown}
 j - a scroll of magic mapping {unknown}
 k - a scroll of fog {unknown}
 l - a scroll of noise {unknown}
 o - a scroll of amnesia {unknown}
Potions
 d - 2 potions of might
 f - 2 potions of lignification {unknown}
 g - a potion of heal wounds {unknown}
 p - a potion of curing {unknown}
 r - 2 potions of haste {unknown}
 s - a potion of ambrosia {unknown}


   Skills:
 + Level 6.7 Fighting
 + Level 1.5 Short Blades
 + Level 1.5 Long Blades
 + Level 4.8 Axes
 + Level 1.5 Maces & Flails
 + Level 1.5 Polearms
 + Level 1.5 Staves
 + Level 1.5 Slings
 + Level 1.5 Bows
 + Level 1.5 Crossbows
 + Level 1.5 Throwing
 + Level 6.7 Armour
 + Level 1.5 Dodging
 + Level 1.5 Stealth
 + Level 6.7 Shields
 + Level 1.5 Unarmed Combat
 + Level 1.5 Spellcasting
 + Level 1.2 Conjurations
 + Level 1.2 Hexes
 + Level 1.2 Summonings
 + Level 1.2 Necromancy
 + Level 1.2 Translocations
 + Level 1.2 Transmutations
 + Level 1.2 Fire Magic
 + Level 1.2 Ice Magic
 + Level 1.2 Air Magic
 + Level 1.2 Earth Magic
 + Level 1.2 Poison Magic
 + Level 1.7 Invocations
 + Level 1.5 Evocations


You had 7 spell levels left.
You didn't know any spells.
Your spell library contained the following spells:

 Spells                   Type           Power      Damage    Failure   Level
 Ensorcelled Hibernation  Hex/Ice        8%         N/A       65%         2
 Passwall                 Tmut/Erth      3%         N/A       65%         2
 Swiftness                Air            4%         N/A       86%         3


Dungeon Overview and Level Annotations

Branches:
Dungeon (3/15)

Altars:


Innate Abilities, Weirdness & Mutations

You have very sharp teeth.
Your uncanny sense of smell can sniff out nearby items.
Your experience applies equally to all skills.


Message History

The wight is moderately damaged.
The wight hits you with a +0 falchion.
You feel drained.
You hit the wight but do no damage.
The wight is moderately damaged.
The wight hits you with a +0 falchion!
You feel drained.
You closely miss the wight.
The wight is moderately damaged.
The wight hits you but does no damage.
You hit the wight but do no damage. Your bite misses the wight.
The wight is moderately damaged.
The wight hits you but does no damage.
You hit the wight but do no damage. You bite the wight, but do no damage.
The wight is moderately damaged.
The wight hits you with a +0 falchion.
You feel drained.
You hit the wight.
The wight is heavily damaged.
The wight hits you with a +0 falchion.
You feel drained.
You closely miss the wight. You bite the wight.
The wight is severely damaged.
The wight hits you with a +0 falchion!
You feel drained.
You hit the wight.
The wight is almost destroyed.
The wight hits you with a +0 falchion.
* * * LOW HITPOINT WARNING * * *
You feel drained.
* * * LOW HITPOINT WARNING * * *
You hit the wight.
The wight is almost destroyed.
The wight hits you with a +0 falchion.
* * * LOW HITPOINT WARNING * * *
You whack the wight!
You destroy the wight!
The bat hits you.
* * * LOW HITPOINT WARNING * * *
The bat closely misses you.
Okay, then.
You miss the bat. You block the bat's attack. The bat closely misses you.
The bat barely misses you. The bat hits you but does no damage.
The bat barely misses you. The bat hits you.
You die...

.......# ..# #. #.........#
#.###..# .. #. #.........#
#...#.## .#. #.........#
.......##+##K##+##.........#
.......#.........#.........#
.###.###.8..8..8.#.........#
###..# #.........#........##
# #.## #####'#####.#....)##
# #.# #.)Kb@..##.#### ###.#
##########.# ##..# #.# ...##
#.# #### #.## #..# ##.#####
############## #......#
.............# #......#


You could see a bat and a kobold.

Vanquished Creatures
  A wight (D:3)
  An orc priest (D:2)
  2 adders
  A worm (D:3)
  3 dart slugs
  5 orcs
  3 ball pythons
  7 endoplasms
  A giant cockroach (D:1)
  7 hobgoblins
  5 jackals
  2 quokkas
  3 bats
  2 frilled lizards
  3 goblins
  6 kobolds
  8 rats
60 creatures vanquished.

Notes
Turn   | Place    | Note
-------+----------+-------------------------------------------
     0 | D:1      | AarnesTheHuman the Gnoll Fighter began the quest for the
                  | Orb.
     0 | D:1      | Reached XP level 1. HP: 23/23 MP: 1/1
   419 | D:1      | Reached XP level 2. HP: 25/29 MP: 2/2
   701 | D:1      | Reached XP level 3. HP: 32/35 MP: 3/3
  1024 | D:2      | Reached skill level 1 in Invocations
  1042 | D:2      | Identified the +1 whip of Caustic Tender Mercy {vorpal, rF+
                  | Dex+3}
  1572 | D:2      | Reached skill level 1 in Short Blades
  1572 | D:2      | Reached skill level 1 in Long Blades
  1572 | D:2      | Reached skill level 1 in Maces & Flails
  1572 | D:2      | Reached skill level 1 in Polearms
  1572 | D:2      | Reached skill level 1 in Staves
  1572 | D:2      | Reached skill level 1 in Slings
  1572 | D:2      | Reached skill level 1 in Bows
  1572 | D:2      | Reached skill level 1 in Crossbows
  1572 | D:2      | Reached skill level 1 in Throwing
  1572 | D:2      | Reached skill level 1 in Dodging
  1572 | D:2      | Reached skill level 1 in Stealth
  1572 | D:2      | Reached skill level 1 in Unarmed Combat
  1572 | D:2      | Reached skill level 1 in Spellcasting
  1572 | D:2      | Reached skill level 1 in Evocations
  1572 | D:2      | Reached XP level 4. HP: 39/41 MP: 5/5
  1842 | D:2      | Reached skill level 1 in Conjurations
  1842 | D:2      | Reached skill level 1 in Hexes
  1842 | D:2      | Reached skill level 1 in Summonings
  1842 | D:2      | Reached skill level 1 in Necromancy
  1842 | D:2      | Reached skill level 1 in Translocations
  1842 | D:2      | Reached skill level 1 in Transmutations
  1842 | D:2      | Reached skill level 1 in Fire Magic
  1842 | D:2      | Reached skill level 1 in Ice Magic
  1842 | D:2      | Reached skill level 1 in Air Magic
  1842 | D:2      | Reached skill level 1 in Earth Magic
  1842 | D:2      | Reached skill level 1 in Poison Magic
  2336 | D:3      | Reached XP level 5. HP: 47/47 MP: 6/6
  2356 | D:3      | HP: 1/39 [bat (1)]
  2359 | D:3      | Slain by a bat

Illustrated notes

Levels and vault maps discovered:
D:1:      zaba_arrival_water, layout_basic
D:2:      minmay_evil_eye, layout_rooms, minmay_heptomino_l4
D:3:      minmay_chambers_of_threes, layout_rooms, nicolae_ru_awakened_eye,
          kennysheep_generic_room_13

Skill      XL: |  1  2  3  4 |
---------------+-------------+-----
Invocations    | 1 |  1.7
Short Blades   | 1 |  1.5
Long Blades    | 1 |  1.5
Maces & Flails | 1 |  1.5
Polearms       | 1 |  1.5
Staves         | 1 |  1.5
Slings         | 1 |  1.5
Bows           | 1 |  1.5
Crossbows      | 1 |  1.5
Throwing       | 1 |  1.5
Dodging        | 1 |  1.5
Stealth        | 1 |  1.5
Unarmed Combat | 1 |  1.5
Spellcasting   | 1 |  1.5
Evocations     | 1 |  1.5
Conjurations   | 1 |  1.2
Hexes          | 1 |  1.2
Summonings     | 1 |  1.2
Necromancy     | 1 |  1.2
Translocations | 1 |  1.2
Transmutations | 1 |  1.2
Fire Magic     | 1 |  1.2
Ice Magic      | 1 |  1.2
Air Magic      | 1 |  1.2
Earth Magic    | 1 |  1.2
Poison Magic   | 1 |  1.2
Fighting       | |  6.7
Axes           | |  4.8
Armour         | |  6.7
Shields        | |  6.7

Action                   |  1- 3 |  4- 6 || total
-------------------------+-------+-------++-------
Melee: War axe           |    62 |       ||    62
       Bite              |     5 |    10 ||    15
       Whip              |    18 |    89 ||   107
Armor: Scale mail        |    29 |    30 ||    59
Dodge: Dodged            |    47 |    34 ||    81
Block: Buckler           |    28 |    21 ||    49
